 Dungeon Crawl Stone Soup version 0.19.0-2-gae57169 (webtiles) character file.

1063 Gargoyl the Agent of Entropy (level 8, -1/54 HPs)
             Began as a Demonspawn Abyssal Knight on Nov 7, 2016.
             Was a Priest of Lugonu.
             Slain by an unseen horror (6 damage)
             ... on level 5 of the Dungeon.
             The game lasted 00:10:04 (6369 turns).

Gargoyl the Agent of Entropy (DsAK)                 Turns: 6369, Time: 00:10:05

Health: -1/54      AC:  8    Str: 16    XL:     8   Next: 6%
Magic:  10/10      EV: 15    Int: 13    God:    Lugonu [***...]
Gold:   192        SH:  9    Dex: 17    Spells: 0 memorised, 7 levels left

rFire  . . .     SeeInvis .     a - +1 hand axe
rCold  . . .     Gourm    .     w - +2 leather armour {rPois}
rNeg   . . .     Faith    .     d - +0 shield "Lekey" {+Blink MR+} (curse)
rPois  +         Spirit   .     (helmet restricted)
rElec  .         Reflect  .     (no cloak)
rCorr  .         Harm     .     g - +1 pair of gloves
MR     +....                    j - +0 pair of boots
Stlth  ++........               (no amulet)
                                (no ring)
                                (no ring)

@: agile, exhausted, slowed, very slow
A: horns 2, demonic guardian 1, frail 1, low mp 1, screaming 1, rot immunity
a: Depart the Abyss, Bend Space, Banish, Renounce Religion, Evoke Blink


You were on level 5 of the Dungeon.
You worshipped Lugonu.
Lugonu was most pleased with you.
You were not hungry.

You visited 1 branch of the dungeon, and saw 5 of its levels.
You visited the Abyss 1 time.

You collected 192 gold pieces.

Inventory:

Hand Weapons
 a - a +1 hand axe (weapon)
 y - a +0 blowgun
 A - a +0 spear of piercing
Missiles
 z - 10 poisoned needles
Armour
 d - the cursed +0 shield "Lekey" (worn) {+Blink MR+}
   (You found it on level 3 of the Abyss)

   It affects your resistance to hostile enchantments.
   It lets you blink.
   It has a curse placed upon it.
 g - a +1 pair of gloves (worn)
 j - a +0 pair of boots (worn)
 w - a +2 leather armour of poison resistance (worn)
Scrolls
 b - a scroll of remove curse {unknown}
 f - 2 scrolls of amnesia {unknown}
 i - 2 scrolls of noise {unknown}
 l - 3 scrolls of teleportation {unknown}
 n - a scroll of random uselessness {unknown}
 o - a scroll of enchant weapon {unknown}
 s - 2 scrolls of enchant armour {unknown}
 E - a scroll of identify
Potions
 e - a potion of curing
 p - a potion of agility
 t - a potion of mutation
 v - a potion of brilliance
 x - a potion of lignification {unknown}
 B - a potion of haste {unknown}
 C - a potion of degeneration {unknown}
 D - a potion of invisibility {unknown}
Comestibles
 c - 2 bread rations
 h - 6 meat rations
 r - 9 fruits
 F - a slice of pizza


   Skills:
 + Level 4.4 Fighting
 + Level 4.6(4.7) Axes
 + Level 0.5(2.9) Polearms
 + Level 1.0 Throwing
 * Level 4.1 Armour
 + Level 2.9 Dodging
 + Level 2.3 Shields
 * Level 5.3 Invocations


You had 7 spell levels left.
You didn't know any spells.

Dungeon Overview and Level Annotations

Branches:
Dungeon (5/15)
 Temple: D:4-7

Altars:
Ashenzari
Trog

Annotations:
D:5 2 runed doors


Innate Abilities, Weirdness & Mutations

You have a pair of horns on your head.
A weak demonic guardian rushes to your aid.
You are immune to rotting.
You are frail. (-10% HP)
Your magical capacity is low. (-10% MP)
You occasionally shout uncontrollably at your foes.


Message History

Something hits you.
You are no longer berserk.
You are exhausted.
You feel yourself slow down. Something hits you.
There is a large open door, spattered with blood here.
Something hits you! Something hits you but does no damage.
Something barely misses you. Something hits you but does no damage.
Something barely misses you. You block something's attack. Something hits you.
You block something's attack.
You barely miss something. Something hits you. You block something's attack.
Something hits you.
* * * LOW HITPOINT WARNING * * *
As you read the scroll labeled LIKONY OROLAROW, it crumbles to dust.
The scroll dissolves into smoke.
It was a scroll of fog.
Something hits you but does no damage. Something hits you!
* * * LOW HITPOINT WARNING * * *
Something hits you.
You die...

#|....?# #.......
#.#8....8# ##......
##.##8..8### #.#....
....##''##.+ #......
...........# #......
.........#.# #......
.........#.## ##.#....
...%..§§{#..######.......
.......§@#>..............
.......§§§...............
.##.......§........###...
#................# #...
#......#.........# #...
#......########### #...
#......# #.## ########
#... ####


There were no monsters in sight!

Vanquished Creatures
  Sigmund (D:2)
  A phantom (D:3)
  2 ogres (D:4)
  A scorpion (D:3)
  A bullfrog zombie (D:5)
  A jelly (D:5)
  An orc priest (D:4)
  2 bullfrog skeletons (D:5)
  3 worker ants
  An iguana (D:5)
  3 orc wizards
  A hound skeleton (D:4)
  12 adders
  3 dart slugs (D:1)
  5 worms
  3 leopard geckos
  12 orcs
  A ball python (D:1)
  3 giant cockroaches
  6 goblins
  10 hobgoblins
  9 jackals
  4 quokkas
  8 bats
  3 frilled lizards
  13 kobolds
  14 rats
124 creatures vanquished.

Vanquished Creatures (others)
  An orc priest (D:4)
1 creature vanquished.

Grand Total: 125 creatures vanquished

Notes
Turn   | Place    | Note
-------+----------+-------------------------------------------
     0 | Abyss:1  | Gargoyl the Demonspawn Abyssal Knight began the quest for the Orb.
     0 | Abyss:1  | Reached XP level 1. HP: 18/18 MP: 2/2
    43 | Abyss:1  | Noticed a quasit
    51 | Abyss:2  | Noticed a sun demon
    56 | Abyss:3  | Found a corrupted altar of Lugonu.
    68 | Abyss:3  | Got a brightly glowing shield
    74 | Abyss:3  | Identified the cursed +0 shield "Lekey" {+Blink MR+} (You found it on level 3 of the Abyss)
    78 | Abyss:3  | Noticed a golden eye
    80 | D:1      | Escaped the Abyss
   168 | D:1      | Reached * piety under Lugonu
   199 | D:1      | Gained mutation: You have a pair of small horns on your head. [demonic ancestry]
   199 | D:1      | Reached XP level 2. HP: 17/24 MP: 3/3
   460 | D:1      | Reached skill level 1 in Dodging
   811 | D:1      | Reached XP level 3. HP: 29/29 MP: 5/5
  1650 | D:2      | Noticed Sigmund
  1667 | D:2      | Killed Sigmund
  1667 | D:2      | Reached skill level 1 in Shields
  1667 | D:2      | Reached skill level 3 in Invocations
  1667 | D:2      | Reached XP level 4. HP: 23/37 MP: 0/6
  1667 | D:2      | Gained mutation: You are immune to rotting. [demonic ancestry]
  1667 | D:2      | Reached XP level 5. HP: 26/42 MP: 0/7
  1796 | D:2      | Found a shattered altar of Ashenzari.
  1804 | D:2      | Reached ** piety under Lugonu
  2790 | D:3      | Gained mutation: You have a pair of horns on your head. [demonic ancestry]
  2790 | D:3      | Reached XP level 6. HP: 48/48 MP: 8/8
  3443 | D:3      | Reached *** piety under Lugonu
  3592 | D:3      | Reached skill level 4 in Invocations
  3667 | D:3      | Gained mutation: Your magical capacity is low. (-10% MP) [potion of mutation]
  3667 | D:3      | Gained mutation: You occasionally shout uncontrollably at your foes. [potion of mutation]
  3667 | D:3      | Gained mutation: You are frail. (-10% HP) [potion of mutation]
  3993 | D:4      | Reached XP level 7. HP: 11/48 MP: 9/9
  5553 | D:5      | Entered Level 5 of the Dungeon
  5574 | D:5      | Reached skill level 5 in Invocations
  5685 | D:5      | Reached skill level 1 in Throwing
  5893 | D:5      | Found a bloodstained altar of Trog.
  6036 | D:5      | Gained mutation: A weak demonic guardian rushes to your aid. [demonic ancestry]
  6036 | D:5      | Reached XP level 8. HP: 42/54 MP: 10/10
  6252 | D:5      | Found a large runed door.
  6252 | D:5      | Found a large runed door.
  6316 | D:5      | Found a large runed door.
  6316 | D:5      | Found a large runed door.
  6369 | D:5      | Slain by an unseen horror

Skill      XL: |  1  2  3  4  5  6  7 |
---------------+----------------------+-----
Axes           | 2 3 4 |  4.6
Armour         | 2 3 4 |  4.1
Dodging        | 1 2 |  2.9
Shields        | 1 2 |  2.3
Invocations    | 3 4 5 |  5.3
Fighting       | 4 |  4.4
Throwing       | 1 |  1.0
Polearms       | |  0.5

Action                   |  1- 3 |  4- 6 |  7- 9 || total
-------------------------+-------+-------+-------++-------
Melee: Hand axe          |    93 |   194 |   158 ||   445
       Headbutt          |    13 |    32 |    41 ||    86
       Spear             |       |       |     7 ||     7
 Fire: Blowgun           |       |       |     6 ||     6
Invok: Depart the Abyss  |     1 |       |       ||     1
       Banish            |       |       |     1 ||     1
  Use: Scroll            |     1 |     1 |     1 ||     3
       Potion            |     1 |     4 |     9 ||    14
  Eat: Chunk             |     2 |     7 |     3 ||    12
       Bread ration      |       |       |     1 ||     1
       Beef jerky        |       |       |     1 ||     1
Armor: Leather armour    |    32 |    84 |    62 ||   178
Dodge: Dodged            |    26 |    85 |    78 ||   189
Block: Shield            |    32 |    83 |    77 ||   192
